| TOP OF THE 1ST |
|
San Francisco Giants batting - Pitching for Miami Marlins : RHP Ben Anderson
|
|
Pitching: RHP Ben Anderson
|
|
|
Batting: RHB José González
|
0-0: Fly out, F9 (Line Drive, 9, EV 90.6 MPH)
|
|
Batting: LHB Bradley Zimmer
|
0-0: Foul Ball, location: 25FF 0-1: Ball 1-1: Ball 2-1: Foul Ball, location: 7LMF 2-2: SINGLE (Line Drive, 34D, EV 111.3 MPH)
|
|
Batting: LHB Dominic Smith
|
0-0: Ball 1-0: Ball 2-0: Ball 3-0: Base on Balls Bradley Zimmer to second
|
|
Batting: RHB Nolan Arenado
|
0-0: Called Strike 0-1: Ball 1-1: Ball Wild Pitch! Bradley Zimmer to third Dominic Smith to second 2-1: Ball 3-1: Called Strike 3-2: Fly out, F7 (Flyball, 78M, EV 87.5 MPH) Runner from 3rd tags up, SCORES, no throw by LF
|
|
Batting: LHB Grabiel Jimenez
|
0-0: Called Strike 0-1: Ball 1-1: Ball 2-1: Swinging Strike 2-2: TRIPLE (Flyball, 89XD, EV 96.3 MPH) Dominic Smith scores
|
|
Batting: RHB Leo Marrero
|
0-0: Ground out 5-3 (Groundball, 56, EV 106.3 MPH)
|
| Top of the 1st over - 2 runs, 2 hits, 0 errors, 1 left on base; San Francisco 2 - Miami 0 |
| BOTTOM OF THE 1ST |
|
Miami Marlins batting - Pitching for San Francisco Giants : RHP Clarence Davis
|
|
Pitching: RHP Clarence Davis
|
|
|
Batting: RHB Edgardo Franco
|
0-0: Ball 1-0: Swinging Strike 1-1: Ball 2-1: Ball 3-1: Called Strike 3-2: Strikes out looking
|
|
Batting: RHB Milton Ramos
|
0-0: Hit by Pitch
|
|
Batting: LHB Alan O'Keefe
|
0-0: Ball 1-0: Ball 2-0: Called Strike 2-1: Swinging Strike 2-2: SINGLE (Line Drive, 7S, EV 96.9 MPH) Milton Ramos to second
|
|
Batting: RHB Sam Jones
|
0-0: Ball 1-0: Called Strike 1-1: Ball 2-1: Ball 3-1: Swinging Strike 3-2: Foul Ball, location: 7LDF 3-2: SINGLE (Line Drive, 8LS, EV 105.0 MPH) Milton Ramos to third Alan O'Keefe to second Runner from 3rd tries for Home, SAFE, throw by CF to home
|
|
Batting: LHB Daryl Hatfield
|
0-0: Ball 1-0: Foul Ball, location: 7LDF 1-1: Called Strike 1-2: Foul Ball, location: 5F 1-2: Ball 2-2: Foul Ball, location: 2F 2-2: Ball 3-2: Strikes out swinging
|
|
Batting: RHB Dusty Lawrence
|
0-0: Ball 1-0: Fielders Choice at 2nd, 5-4 (Groundball, 56, EV 96.9 MPH)
|
| Bottom of the 1st over - 1 run, 2 hits, 0 errors, 2 left on base; San Francisco 2 - Miami 1 |
| TOP OF THE 2ND |
|
San Francisco Giants batting - Pitching for Miami Marlins : RHP Ben Anderson
|
|
Batting: LHB Andy King
|
0-0: Foul Ball, location: 25FF 0-1: Fly out, F7 (Line Drive, 7S, EV 96.9 MPH)
|
|
Batting: RHB Franly Mallen
|
0-0: SINGLE (Line Drive, 89S, EV 95.0 MPH)
|
|
Batting: RHB Benny Brown
|
0-0: Ball 1-0: Swinging Strike 1-1: Ball 2-1: Ball 3-1: Called Strike 3-2: Base on Balls Franly Mallen to second
|
|
Batting: RHB José González
|
0-0: Ball 1-0: Grounds into double play, 5-4-3 (Groundball, 56S, EV 93.1 MPH)
|
| Top of the 2nd over - 0 runs, 1 hit, 0 errors, 1 left on base; San Francisco 2 - Miami 1 |
| BOTTOM OF THE 2ND |
|
Miami Marlins batting - Pitching for San Francisco Giants : RHP Clarence Davis
|
|
Batting: LHB Norberto Zavala
|
0-0: Foul Ball, location: 7LSF 0-1: Ball 1-1: Ball 2-1: Ball 3-1: Foul Ball, location: 2F 3-2: Base on Balls
|
|
Batting: SHB Brit Hicks
|
0-0: Called Strike 0-1: Ball 1-1: Ball Norberto Zavala steals 2nd base 2-1: Foul Ball, location: 7LMF 2-2: SINGLE (Line Drive, 6D, EV 65.0 MPH) Norberto Zavala to third
|
|
Batting: RHB Kris Thompson
|
0-0: Called Strike 0-1: Ball 1-1: Ball 2-1: Ball Wild Pitch! Norberto Zavala scores Brit Hicks to second 3-1: Foul Ball, location: 5FF 3-2: Foul Ball, location: 2F 3-2: Ground out 4-3 (Groundball, 4S, EV 80.0 MPH) Brit Hicks to third
|
|
Batting: RHB Edgardo Franco
|
0-0: Called Strike 0-1: Called Strike 0-2: Ball 1-2: Foul Ball, location: 9LDF 1-2: Foul Ball, location: 2F 1-2: Strikes out swinging
|
|
Batting: RHB Milton Ramos
|
0-0: Called Strike 0-1: Called Strike 0-2: Ball 1-2: Ball 2-2: Strikes out swinging
|
| Bottom of the 2nd over - 1 run, 1 hit, 0 errors, 1 left on base; San Francisco 2 - Miami 2 |
| TOP OF THE 3RD |
|
San Francisco Giants batting - Pitching for Miami Marlins : RHP Ben Anderson
|
|
Batting: LHB Bradley Zimmer
|
0-0: Ball 1-0: Swinging Strike 1-1: Foul Ball, location: 2F 1-2: Ball 2-2: Strikes out swinging
|
|
Batting: LHB Dominic Smith
|
0-0: Ball 1-0: SINGLE (Line Drive, 7S, EV 85.0 MPH)
|
|
Batting: RHB Nolan Arenado
|
0-0: Fly out, F8 (Flyball, 8LD, EV 86.9 MPH)
|
|
Batting: LHB Grabiel Jimenez
|
0-0: Called Strike 0-1: Ball 1-1: Called Strike 1-2: Ball 2-2: Ball 3-2: Foul Ball, location: 3F 3-2: Foul Ball, location: 5F 3-2: 2-RUN HOME RUN (Flyball, 9LD, EV 91.3 MPH), Distance : 350 ft
|
|
Batting: RHB Leo Marrero
|
0-0: Ground out 4-3 (Groundball, 6MD, EV 100.6 MPH)
|
| Top of the 3rd over - 2 runs, 2 hits, 0 errors, 0 left on base; San Francisco 4 - Miami 2 |
| BOTTOM OF THE 3RD |
|
Miami Marlins batting - Pitching for San Francisco Giants : RHP Clarence Davis
|
|
Batting: LHB Alan O'Keefe
|
0-0: Called Strike 0-1: Called Strike 0-2: Ball 1-2: Strikes out looking
|
|
Batting: RHB Sam Jones
|
0-0: SOLO HOME RUN (Flyball, 8RXD, EV 108.1 MPH), Distance : 428 ft
|
|
Batting: LHB Daryl Hatfield
|
0-0: Called Strike 0-1: Ball 1-1: Foul Ball, location: 7LSF 1-2: Ball 2-2: TRIPLE (Flyball, 89XD, EV 91.3 MPH)
|
|
Batting: RHB Dusty Lawrence
|
0-0: 2-RUN HOME RUN (Flyball, 7LD, EV 94.4 MPH), Distance : 357 ft
|
|
Pitching: RHP Don Labonte
|
|
|
Batting: LHB Norberto Zavala
|
0-0: SINGLE (Flyball, 78S, EV 94.4 MPH)
|
|
Batting: SHB Brit Hicks
|
0-0: Swinging Strike 0-1: Foul Ball, location: 5F 0-2: Ball 1-2: Foul Ball, location: 7LMFF 1-2: Ball 2-2: Strikes out swinging
|
|
Batting: RHB Kris Thompson
|
0-0: Ball 1-0: Swinging Strike 1-1: Called Strike 1-2: SINGLE (Line Drive, 8LS, EV 94.4 MPH) Norberto Zavala to second Runner from 2nd tries for 3rd, SAFE, throw by CF made to third
|
|
Batting: RHB Edgardo Franco
|
0-0: Ball 1-0: Ball 2-0: Called Strike 2-1: SINGLE (Groundball, 6D, EV 100.0 MPH) Norberto Zavala scores Kris Thompson to second Runner from 2nd tries for 3rd, OUT! 8-5
|
| Bottom of the 3rd over - 4 runs, 6 hits, 0 errors, 1 left on base; San Francisco 4 - Miami 6 |
| TOP OF THE 4TH |
|
San Francisco Giants batting - Pitching for Miami Marlins : RHP Ben Anderson
|
|
Batting: LHB Andy King
|
0-0: Ball 1-0: Ball 2-0: Ground out 5-3 (Groundball, 15, EV 78.1 MPH)
|
|
Batting: RHB Franly Mallen
|
0-0: Ball 1-0: Fly out, F7 (Flyball, 7D, EV 78.8 MPH)
|
|
Batting: RHB Benny Brown
|
0-0: Ball 1-0: Swinging Strike 1-1: Ground out 4-3 (Groundball, 4, EV 81.9 MPH)
|
| Top of the 4th over - 0 runs, 0 hits, 0 errors, 0 left on base; San Francisco 4 - Miami 6 |
| BOTTOM OF THE 4TH |
|
Miami Marlins batting - Pitching for San Francisco Giants : RHP Don Labonte
|
|
Batting: RHB Milton Ramos
|
0-0: Called Strike 0-1: Ball 1-1: Ball 2-1: Called Strike 2-2: SINGLE (Flyball, 4D, EV 91.3 MPH)
|
|
Batting: LHB Alan O'Keefe
|
0-0: Called Strike 0-1: Ball 1-1: Ball 2-1: Called Strike Milton Ramos steals 2nd base 2-2: Foul Ball, location: 7LMF 2-2: Ground out 5-3 (Groundball, 56S, EV 85.0 MPH) Milton Ramos to third
|
|
Batting: RHB Sam Jones
|
0-0: Ball 1-0: Ball 2-0: Ball 3-0: Swinging Strike 3-1: SINGLE (Line Drive, 8RS, EV 99.4 MPH) Milton Ramos scores
|
|
Batting: LHB Daryl Hatfield
|
0-0: DOUBLE (Flyball, 89D, EV 101.9 MPH) Sam Jones to third
|
|
Batting: RHB Dusty Lawrence
|
0-0: Ball 1-0: Fly out, F7 (Line Drive, 7S, EV 98.1 MPH)
|
|
Batting: LHB Norberto Zavala
|
0-0: Ball 1-0: Called Strike 1-1: Swinging Strike 1-2: 3-RUN HOME RUN (Flyball, 7D, EV 96.9 MPH), Distance : 381 ft
|
|
Pitching: RHP Derek Gallagher
|
|
|
Batting: SHB Brit Hicks
|
0-0: Ball 1-0: Foul Ball, location: 9LDF 1-1: Called Strike 1-2: SINGLE (Line Drive, 7S, EV 96.3 MPH)
|
|
Batting: RHB Kris Thompson
|
0-0: Called Strike 0-1: Ball 1-1: Called Strike 1-2: Fielders Choice at 2nd, 6-4 (Groundball, 56D, EV 83.8 MPH)
|
| Bottom of the 4th over - 4 runs, 5 hits, 0 errors, 1 left on base; San Francisco 4 - Miami 10 |
| TOP OF THE 5TH |
|
San Francisco Giants batting - Pitching for Miami Marlins : RHP Ben Anderson
|
|
Batting: RHB José González
|
0-0: Ball 1-0: Ball 2-0: Ball 3-0: Called Strike 3-1: Fly out, F6 (Popup, 6MD, EV 50.6 MPH)
|
|
Batting: LHB Bradley Zimmer
|
0-0: Ball 1-0: Called Strike 1-1: Foul Ball, location: 3SF 1-2: Fly out, F8 (Flyball, 8LXD, EV 101.9 MPH)
|
|
Batting: LHB Dominic Smith
|
0-0: Ball 1-0: Ground out 5-3 (Groundball, 56, EV 98.8 MPH)
|
| Top of the 5th over - 0 runs, 0 hits, 0 errors, 0 left on base; San Francisco 4 - Miami 10 |
| BOTTOM OF THE 5TH |
|
Miami Marlins batting - Pitching for San Francisco Giants : RHP Derek Gallagher
|
|
Batting: RHB Edgardo Franco
|
0-0: Foul Ball, location: 25FF 0-1: Fly out, F8 (Flyball, 8LXD, EV 108.1 MPH)
|
|
Batting: RHB Milton Ramos
|
0-0: Ball 1-0: Ball 2-0: Called Strike 2-1: Ball 3-1: Swinging Strike 3-2: Base on Balls
|
|
Batting: LHB Alan O'Keefe
|
0-0: Swinging Strike 0-1: Called Strike 0-2: Foul Ball, location: 2F 0-2: Ball 1-2: Ball 2-2: Ball 3-2: Base on Balls Milton Ramos to second
|
|
Batting: RHB Sam Jones
|
0-0: Ball 1-0: Ball 2-0: Foul Ball, location: 7LSF 2-1: Ball 3-1: Base on Balls Milton Ramos to third Alan O'Keefe to second
|
|
Batting: LHB Daryl Hatfield
|
0-0: Ball 1-0: Called Strike 1-1: Swinging Strike 1-2: Ball 2-2: Strikes out swinging
|
|
Batting: RHB Dusty Lawrence
|
0-0: Called Strike 0-1: Ball 1-1: Foul Ball, location: 5FF 1-2: Foul Ball, location: 2F 1-2: SINGLE (Line Drive, 9S, EV 108.1 MPH) Milton Ramos scores Alan O'Keefe to third Sam Jones to second
|
|
Batting: LHB Norberto Zavala
|
0-0: Ball 1-0: Fly out, F4 (Popup, 4S, EV 86.3 MPH)
|
| Bottom of the 5th over - 1 run, 1 hit, 0 errors, 3 left on base; San Francisco 4 - Miami 11 |
| TOP OF THE 6TH |
|
San Francisco Giants batting - Pitching for Miami Marlins : RHP Ben Anderson
|
|
Batting: RHB Nolan Arenado
|
0-0: Called Strike 0-1: Ground out 6-3 (Groundball, 6, EV 109.4 MPH)
|
|
Batting: LHB Grabiel Jimenez
|
0-0: Called Strike 0-1: SOLO HOME RUN (Flyball, 9LD, EV 94.4 MPH), Distance : 351 ft
|
|
Pitching: RHP Dan Reynolds
|
|
|
Batting: RHB Leo Marrero
|
0-0: Ball 1-0: Called Strike 1-1: Swinging Strike 1-2: Ball 2-2: Strikes out swinging
|
|
Batting: LHB Andy King
|
0-0: Foul Ball, location: 2F 0-1: Foul Ball, location: 7LDF 0-2: Strikes out swinging
|
| Top of the 6th over - 1 run, 1 hit, 0 errors, 0 left on base; San Francisco 5 - Miami 11 |
| BOTTOM OF THE 6TH |
|
Miami Marlins batting - Pitching for San Francisco Giants : RHP Derek Gallagher
|
|
Batting: SHB Brit Hicks
|
0-0: Swinging Strike 0-1: Swinging Strike 0-2: Strikes out swinging
|
|
Batting: RHB Kris Thompson
|
0-0: Called Strike 0-1: Ground out 6-3 (Groundball, 6, EV 102.5 MPH)
|
|
Batting: RHB Edgardo Franco
|
0-0: Foul Ball, location: 3SF 0-1: Called Strike 0-2: SINGLE (Groundball, 3D, EV 96.3 MPH)
|
|
Batting: RHB Milton Ramos
|
0-0: Foul Ball, location: 2F 0-1: Fly out, F6 (Popup, 6S, EV 73.1 MPH)
|
| Bottom of the 6th over - 0 runs, 1 hit, 0 errors, 1 left on base; San Francisco 5 - Miami 11 |
| TOP OF THE 7TH |
|
San Francisco Giants batting - Pitching for Miami Marlins : RHP Dan Reynolds
|
|
Batting: RHB Franly Mallen
|
0-0: Fly out, F7 (Flyball, 78M, EV 100.0 MPH)
|
|
Batting: RHB Benny Brown
|
0-0: Ball 1-0: SINGLE (Line Drive, 5D, EV 97.5 MPH)
|
|
Batting: RHB José González
|
0-0: TRIPLE (Line Drive, 78XD, EV 110.0 MPH) Benny Brown scores
|
|
Batting: LHB Bradley Zimmer
|
0-0: Ground out U3 (Groundball, 3L, EV 105.0 MPH) José González scores
|
|
Batting: LHB Dominic Smith
|
0-0: Foul Ball, location: 3FF 0-1: Ball 1-1: Ball 2-1: Foul Ball, location: 9LDF 2-2: Fly out, F9 (Flyball, 89S, EV 90.6 MPH)
|
| Top of the 7th over - 2 runs, 2 hits, 0 errors, 0 left on base; San Francisco 7 - Miami 11 |
| BOTTOM OF THE 7TH |
|
Miami Marlins batting - Pitching for San Francisco Giants : RHP Derek Gallagher
|
|
Pitching: RHP Jeremiah Searle
|
|
|
Batting: LHB Alan O'Keefe
|
0-0: Foul Ball, location: 2F 0-1: Called Strike 0-2: Foul Ball, location: 23F 0-2: Ball 1-2: Foul Ball, location: 9LMF 1-2: Foul Ball, location: 5F 1-2: Strikes out looking
|
|
Batting: RHB Sam Jones
|
0-0: Fly out, F8 (Flyball, 8LS, EV 96.9 MPH)
|
|
Batting: LHB Daryl Hatfield
|
0-0: Ball 1-0: Called Strike 1-1: Fly out, F2 (Popup, 2L, EV 95.0 MPH)
|
| Bottom of the 7th over - 0 runs, 0 hits, 0 errors, 0 left on base; San Francisco 7 - Miami 11 |
| TOP OF THE 8TH |
|
San Francisco Giants batting - Pitching for Miami Marlins : RHP Dan Reynolds
|
|
Batting: RHB Nolan Arenado
|
0-0: Foul Ball, location: 7LSF 0-1: Ball 1-1: Foul Ball, location: 2F 1-2: Strikes out swinging
|
|
Batting: LHB Grabiel Jimenez
|
0-0: Ball 1-0: Called Strike 1-1: Called Strike 1-2: Ball 2-2: Foul Ball, location: 7LMFF 2-2: Foul Ball, location: 23F 2-2: Strikes out swinging, 2-3 out at first.
|
|
Batting: RHB Leo Marrero
|
0-0: Called Strike 0-1: Called Strike 0-2: Foul Ball, location: 9LSF 0-2: Ball 1-2: Strikes out looking
|
| Top of the 8th over - 0 runs, 0 hits, 0 errors, 0 left on base; San Francisco 7 - Miami 11 |
| BOTTOM OF THE 8TH |
|
Miami Marlins batting - Pitching for San Francisco Giants : RHP Jeremiah Searle
|
|
Batting: RHB Dusty Lawrence
|
0-0: Fly out, F8 (Flyball, 89M, EV 95.6 MPH)
|
|
Batting: LHB Norberto Zavala
|
0-0: Ball 1-0: Swinging Strike 1-1: Swinging Strike 1-2: Strikes out swinging
|
|
Batting: SHB Brit Hicks
|
0-0: Ball 1-0: Called Strike 1-1: Ball 2-1: Foul Ball, location: 2F 2-2: Foul Ball, location: 2F 2-2: DOUBLE (Flyball, 89D, EV 95.6 MPH)
|
|
Batting: RHB Kris Thompson
|
0-0: Ball 1-0: Called Strike 1-1: Ground out 5-3 (Groundball, 56, EV 78.8 MPH)
|
| Bottom of the 8th over - 0 runs, 1 hit, 0 errors, 1 left on base; San Francisco 7 - Miami 11 |
| TOP OF THE 9TH |
|
San Francisco Giants batting - Pitching for Miami Marlins : RHP Dan Reynolds
|
|
Pitching: LHP Robby Parkinson
|
|
|
Batting: LHB Andy King
|
0-0: Called Strike 0-1: Foul Ball, location: 2LF 0-2: Ball 1-2: Ball 2-2: Foul Ball, location: 2F 2-2: Hit by Pitch
|
|
Batting: RHB Franly Mallen
|
0-0: Called Strike 0-1: Fielders Choice at 2nd, 4-6 (Groundball, 4, EV 88.8 MPH)
|
|
Batting: RHB Benny Brown
|
0-0: Foul Ball, location: 2F 0-1: Ball 1-1: SINGLE (Groundball, 4MD, EV 106.9 MPH) Franly Mallen to second
|
|
Pitching: RHP Dominic Leone
|
|
|
Batting: RHB José González
|
0-0: Foul Ball, location: 5F 0-1: Fly out, F3 (Popup, 34S, EV 85.6 MPH)
|
|
Batting: LHB Bradley Zimmer
|
0-0: Called Strike 0-1: Called Strike 0-2: Ball 1-2: Strikes out swinging
|
| Top of the 9th over - 0 runs, 1 hit, 0 errors, 2 left on base; San Francisco 7 - Miami 11 |
|